 Dungeon Crawl Stone Soup version 0.30-a0-757-ga6a79fd877 (webtiles) character file.

Game seed: 1657894913843594083

596950 flord the Conqueror (level 26, 266/266 HPs)
             Began as a Minotaur Fighter on June 7, 2021.
             Was the Champion of Okawaru.
             Quit the game on level 5 of the Realm of Zot on Feb 10, 2023.
             The game lasted 05:10:01 (75917 turns).

flord the Conqueror (Minotaur Fighter)             Turns: 75917, Time: 05:10:01

Health: 266/266    AC: 50    Str: 47    XL:     26   Next: 37%
Magic:  33/33      EV: 19    Int:  3    God:    Okawaru [******]
Gold:   10219      SH: 29    Dex: 13    Spells: 25/25 levels left

rFire   + + +      SeeInvis +    U - +3 double sword "Toumi" {drain, rElec Str+5 Int-5}
rCold   . . .      Faith    .    x - +0 tower shield
rNeg    + . .      Spirit   .    d - +17 plate armour "Ufunuc" {+Blink rF+++ Dex-3 Stlth+}
rPois   +          Reflect  +    W - +2 hat {SInv}
rElec   +          Harm     .    N - +0 cloak {Will+}
rCorr   .          Rampage  .    r - +1 pair of gloves "Fausaanu" {Str+4 Int+3 Slay+3}
Will    +++..                    T - +2 pair of boots "Ycorekiz" {Str+7} Stlth
                                 e - amulet of reflection
HPRegen 0.64/turn                m - ring "Joelim" {rPois rF+ Will+ Dex+4}
MPRegen 0.23/turn                p - ring of positive energy

@: no status effects
A: horns 2, retaliatory headbutt, talons 1, poison resistance, sturdy frame 1
}: 3/15 runes: decaying, silver, gossamer
a: Renounce Religion, Evoke Blink, Heroism, Finesse, Duel


You were on level 5 of the Realm of Zot.
You worshipped Okawaru.
Okawaru was exalted by your worship.
You visited 11 branches of the dungeon, and saw 51 of its levels.
You also visited: Ossuary, Bailey, Gauntlet and Wizlab.

You collected 11087 gold pieces.
You spent 868 gold pieces at shops.

Inventory:

Hand Weapons
 c - a +0 vampiric demon blade
 u - the +11 scimitar of Hega {drain, rElec Dex+4 Stlth+}
   (Okawaru gifted it to you on level 2 of the Realm of Zot)

   Dex:       It affects your dexterity (+4).
   rElec:     It insulates you from electricity.
   Stlth:     It makes you more stealthy.
 A - a +4 antimagic double sword
 I - a +1 demon blade of flaming
 U - the +3 double sword "Toumi" (weapon) {drain, rElec Str+5 Int-5}
   (You subdued it on level 3 of the Realm of Zot)

   Str:       It affects your strength (+5).
   Int:       It affects your intelligence (-5).
   rElec:     It insulates you from electricity.
Missiles
 v - 13 throwing nets (quivered)
Armour
 d - the +17 plate armour "Ufunuc" (worn) {+Blink rF+++ Dex-3 Stlth+}
   (You bought it in a shop on level 9 of the Dungeon)

   Dex:       It affects your dexterity (-3).
   rF:        It renders you almost immune to fire.
   +Blink:    It lets you blink.
   Stlth:     It makes you more stealthy.
 r - the +1 pair of gloves "Fausaanu" (worn) {Str+4 Int+3 Slay+3}
   (You found it on level 6 of the Lair of Beasts)

   Str:       It affects your strength (+4).
   Int:       It affects your intelligence (+3).
   Slay:      It affects your accuracy & damage with ranged weapons and melee
   (+3).
 x - a +0 tower shield (worn)
 N - a +0 cloak of willpower (worn)
 O - a +1 hat of willpower
 R - the +2 pair of gloves of the Zebra {rElec rPois rN++ Will-}
   (Okawaru gifted it to you on level 2 of the Realm of Zot)

   rElec:     It insulates you from electricity.
   rPois:     It protects you from poison.
   rN:        It greatly protects you from negative energy.
   Will:      It decreases your willpower.
 T - the +2 pair of boots "Ycorekiz" (worn) {Str+7}
   (Okawaru gifted it to you on level 3 of the Lair of Beasts)

   Str:       It affects your strength (+7).
 W - a +2 hat of see invisible (worn)
Jewellery
 e - an amulet of reflection (around neck)
 i - a +4 ring of evasion
 m - the ring "Joelim" (left hand) {rPois rF+ Will+ Dex+4}
   (You found it on level 4 of the Dungeon)

   [ring of poison resistance]

   Dex:       It affects your dexterity (+4).
   rF:        It protects you from fire.
   rPois:     It protects you from poison.
   Will:      It increases your willpower.
 p - a ring of positive energy (right hand)
 t - an amulet of regeneration
 y - a ring of resist corrosion
 B - an amulet of faith
 C - a +4 ring of protection
 F - a +6 ring of intelligence
 K - a ring of ice
 V - a +6 ring of strength
 Y - a ring of ice
Wands
 b - a wand of paralysis (10)
 j - a wand of iceblast (89)
 z - a wand of digging (10)
 J - a wand of mindburst (69)
 M - a wand of flame (186)
Scrolls
 f - 19 scrolls of teleportation
 k - 2 scrolls of amnesia
 l - 43 scrolls of identify
 o - 7 scrolls of fear
 E - 7 scrolls of magic mapping
 G - 6 scrolls of fog
 H - 11 scrolls of blinking
 P - 2 scrolls of silence
 Q - a scroll of holy word
Potions
 a - 7 potions of brilliance
 g - 13 potions of ambrosia
 h - a potion of cancellation
 n - 3 potions of haste
 q - 5 potions of flight
 s - 8 potions of mutation
 w - 4 potions of magic
 D - 10 potions of might
 L - 2 potions of invisibility
 S - 24 potions of curing
 X - 3 potions of resistance


   Skills:
 O Level 27 Fighting
 - Level 16.6 Long Blades
 - Level 12.7 Axes
 O Level 27 Armour
 * Level 19.7 Dodging
 O Level 27 Shields
 - Level 15.9 Invocations
 + Level 13.3 Evocations


You had 25 spell levels left.
You didn't know any spells.
Your spell library contained the following spells:

 Spells                   Type           Power      Damage    Failure   Level
 Beastly Appendage        Tmut           0%         N/A       71%         1
 Corona                   Hex            0%         N/A       71%         1
 Freeze                   Ice            0%         1d3       71%         1
 Magic Dart               Conj           0%         1d3       71%         1
 Pain                     Necr           0%         1d4       71%         1
 Sandblast                Erth           0%         2d4       71%         1
 Shock                    Conj/Air       0%         1d3       71%         1
 Slow                     Hex            0%         N/A       71%         1
 Sting                    Tmut/Pois      0%         1d3       71%         1
 Blink                    Tloc           0%         N/A       83%         2
 Ensorcelled Hibernation  Hex/Ice        0%         N/A       83%         2
 Passwall                 Tmut/Erth      0%         N/A       83%         2
 Poisonous Vapours        Pois/Air       0%         N/A       83%         2
 Scorch                   Fire           0%         2d5       83%         2
 Searing Ray              Conj           0%         2d4       83%         2
 Sublimation of Blood     Necr           0%         N/A       83%         2
 Wereblood                Tmut           0%         N/A       83%         2
 Confusing Touch          Hex            0%         N/A       97%         3
 Dazzling Flash           Conj/Hex       0%         N/A       97%         3
 Frozen Ramparts          Ice            0%         1d1       97%         3
 Gell's Gravitas          Tloc           0%         N/A       97%         3
 Hailstorm                Conj/Ice       0%         3d3       97%         3
 Ignite Poison            Fire/Tmut/Pois 0%         N/A       97%         3
 Inner Flame              Hex/Fire       0%         N/A       97%         3
 Mephitic Cloud           Conj/Pois/Air  0%         N/A       97%         3
 Ozocubu's Armour         Ice            0%         N/A       97%         3
 Portal Projectile        Hex/Tloc       0%         N/A       97%         3
 Spider Form              Tmut/Pois      0%         N/A       97%         3
 Stone Arrow              Conj/Erth      0%         3d7       97%         3
 Swiftness                Air            0%         N/A       97%         3
 Vampiric Draining        Necr           0%         2d6       97%         3
 Airstrike                Air            0%         2d(0-16)  100%        4
 Cause Fear               Hex            0%         N/A       100%        4
 Dispel Undead            Necr           0%         3d6       100%        4
 Fulminant Prism          Conj/Hex       0%         3d5       100%        4
 Ice Form                 Ice/Tmut       0%         N/A       100%        4
 Iskenderun's Mystic Bla  Conj/Tloc      0%         2d3       100%        4
 Leda's Liquefaction      Hex/Erth       0%         N/A       100%        4
 Manifold Assault         Tloc           0%         N/A       100%        4
 Olgreb's Toxic Radiance  Pois           0%         N/A       100%        4
 Passage of Golubria      Tloc           0%         N/A       100%        4
 Petrify                  Tmut/Erth      0%         N/A       100%        4
 Agony                    Necr           0%         N/A       100%        5
 Alistair's Intoxication  Tmut/Pois      0%         N/A       100%        5
 Blade Hands              Tmut           0%         N/A       100%        5
 Bolt of Magma            Conj/Fire/Erth 0%         4d4       100%        5
 Borgnjor's Vile Clutch   Necr/Erth      0%         N/A       100%        5
 Fireball                 Conj/Fire      0%         3d3       100%        5
 Freezing Cloud           Conj/Ice/Air   0%         6-21      100%        5
 Iskenderun's Battlesphe  Conj           0%         2d6       100%        5
 Metabolic Englaciation   Hex/Ice        0%         N/A       100%        5
 Silence                  Hex/Air        0%         N/A       100%        5
 Yara's Violent Unravell  Hex/Tmut       0%         3d3       100%        5
 Conjure Ball Lightning   Conj/Air       0%         3x3d6     100%        6
 Dispersal                Tloc           0%         N/A       100%        6
 Eringya's Noxious Bog    Tmut/Pois      0%         N/A       100%        6
 Invisibility             Hex            0%         N/A       100%        6
 Iron Shot                Conj/Erth      0%         9d1       100%        6
 Starburst                Conj/Fire      0%         6d3       100%        6
 Statue Form              Tmut/Erth      0%         N/A       100%        6
 Dragon Form              Tmut           0%         N/A       100%        7
 Orb of Destruction       Conj           0%         9d5       100%        7
 Ozocubu's Refrigeration  Ice            0%         4d7       100%        7
 Storm Form               Tmut/Air       0%         N/A       100%        7
 Discord                  Hex            0%         N/A       100%        8
 Disjunction              Tloc           0%         N/A       100%        8
 Ignition                 Fire           0%         3d3       100%        8
 Lehudib's Crystal Spear  Conj/Erth      0%         10d2      100%        8
 Maxwell's Capacitive Co  Air            0%         ∞         100%        8
 Chain Lightning          Conj/Air       0%         N/A       100%        9
 Fire Storm               Conj/Fire      0%         5d1       100%        9
 Polar Vortex             Ice            0%         N/A       100%        9
 Shatter                  Erth           0%         3d5*      100%        9
 Call Imp                 Summ           Unusable   N/A       N/A         2
 Call Canine Familiar     Summ           Unusable   N/A       N/A         3
 Tukima's Dance           Hex            Unusable   N/A       N/A         3
 Summon Lightning Spire   Summ/Air       Unusable   N/A       N/A         4
 Death Channel            Necr           Unusable   N/A       N/A         6
 Simulacrum               Ice/Necr       Unusable   N/A       N/A         6
 Spellforged Servitor     Conj/Summ      Unusable   N/A       N/A         7
 Summon Hydra             Summ           Unusable   N/A       N/A         7
 Dragon's Call            Summ           Unusable   N/A       N/A         9

Dungeon Overview and Level Annotations

Branches:
Dungeon (15/15)            Temple (1/1) D:7            Lair (6/6) D:10
  Swamp (4/4) Lair:4       Spider (4/4) Lair:4        Slime (0/5) Lair:5
    Orc (2/2) D:9             Elf (3/3) Orc:2        Vaults (5/5) D:13
  Crypt (0/3) Vaults:2     Depths (5/5) D:15           Hell (visited)
    Zot (5/5) Depths:5    Ossuary (visited)          Bailey (visited)
 WizLab (visited)         Gauntlet (visited)
    Dis: Hell:1         Geh: Hell:1         Coc: Hell:1         Tar: Hell:1

Altars:
Ashenzari
Cheibriados
Dithmenos
Elyvilon
Fedhas
Gozag
Hepliaklqana
Kikubaaqudgha
Makhleb
Nemelex Xobeh
Okawaru
Qazlal
Ru
Sif Muna
Trog
Uskayaw
Vehumet
Wu Jian
Xom
Yredelemnul
Zin
The Shining One
Lugonu

Shops:
D:6 ?   D:9 *[[   D:14 (   D:15 *   Orc:2 ?=[(   Elf:3 ?   Vaults:1 ?
Vaults:2 (   Vaults:4 *   Vaults:5 ??   Depths:2 **

Portals:
Hell: Depths:1 Depths:2 Depths:3 Depths:4 Depths:5
Abyss: Depths:2 Depths:3 Depths:4
Pandemonium: Depths:3
Ziggurat: Depths:2

Annotations:
Elf:2 3 runed translucent doors
Depths:3 1 runed translucent door
Depths:4 exclusion: 2 obsidian statues
Hell Geryon


Innate Abilities, Weirdness & Mutations

You have a pair of horns on your head.
You reflexively headbutt those who attack you in melee.
You have sharp toenails.
Your system is resistant to poisons. (rPois)
Your movements are slightly less encumbered by armour. (ER -2)


Message History

You slash the yellow draconian annihilator!
The yellow draconian annihilator is heavily wounded.
The yellow draconian annihilator casts a spell.
The yellow draconian annihilator blinks!
The yellow draconian annihilator mumbles some strange words.
The yellow draconian annihilator blinks!
The yellow draconian annihilator points at you and mumbles some strange words.
The iron shot reflects off an invisible shield around you!
The iron shot hits the yellow draconian annihilator!
The yellow draconian annihilator spits acid at you.
The glob of acid hits you but does no damage.
The acid corrodes you!
You open the yellow draconian annihilator like a pillowcase!!!
You kill the yellow draconian annihilator!
Okawaru accepts your kill.
Things that are here:
a +0 whip of electrocution; a +0 cloak; a yellow draconian corpse You start resting.
You are no longer corroded.
You start resting.
HP restored.
You now have 10219 gold pieces (gained 11).
You see here a +2 cloak.
Found a stone staircase leading up.
There is a stone staircase leading up here.
Found 4 poisoned darts.
You see here 4 poisoned darts.
You see here +0 storm dragon scales.
Done exploring.
You see here +0 storm dragon scales.
There is a stone staircase leading down here.
You climb downwards.
There is a stone staircase leading up here.
As you read the scroll of magic mapping, it crumbles to dust.
You feel aware of your surroundings.
Saving game... please wait.
Welcome back, flord the Minotaur Fighter.
Okawaru says: Bring me glory in combat!
Press ? for a list of commands and other information.
Are you sure you want to abandon this character and quit the game? (Confirm with "yes".)

**,,,,,,,,,,,,,,,,^,**
*,,,,, **,,,,,,,,,^,,,,,,**
**,,,,, **,,,,,,,,,,,,,,**
*,,,,,,
***************************
*,,,,* *****,,,*,**,,,**
*,,,,***,*,*,^,*,+,,,,,* *
*,,,**,,,,,*,,,,,**,,,** *
*,,,,,,,#####,,,,***,** *
*,,,,,,*#.@.#*,,,,**+******
***,,,*#.....#*,*,*,,,,,,,,
*,,⌠,+.......#,*,*,,**,***
*,,,*#.......#,,,**,*,,,,,
*,,,,#.......#,****,**,***
**,,,##.....##,,**,,,,,*,,
*,,,,##...##,,,***,*,**,*
**,,,,#+.#.,,,,,,*,*,,,,,
*,,,,,,,,,,,,,,,,,,,,,**


There were no monsters in sight!

Vanquished Creatures
  An ancient lich (Vaults:5)
  Mara (Vaults:4)
  2 juggernauts (Depths:2)
  2 caustic shrikes (Depths:2)
  A dread lich (Zot:2)
  8 golden dragons
  Arachne (Spider:3)
  A bone dragon (Depths:5)
  A Tzitzimitl (Spider:3)
  A Killer Klown (Zot:1)
  Jorgrun (Elf:2)
  16 tentacled monstrosities
  2 curse toes
  8 titans
  9 liches
  5 quicksilver dragons
  3 deep elf blademasters
  A deep elf master archer (Elf:3)
  Asterion (Depths:2)
  6 sphinxes
  4 death cobs
  Kirke (Swamp:2)
  A storm dragon (shapeshifter) (Depths:4)
  2 thorn hunters
  15 storm dragons
  4 shadow dragons
  Agnes (Elf:2)
  8 draconian monks
  Donald (Orc:2)
  12 tengu reavers
  16 frost giants
  A daeva (Depths:3)
  2 walking crystal tomes (Zot:3)
  5 draconian scorchers
  A walking frostbound tome (Zot:3)
  2 walking earthen tomes (Zot:3)
  8 vault wardens
  6 fire giants
  A cacodemon (Vaults:1)
  5 iron dragons
  3 deep elf elementalists (Elf:3)
  7 emperor scorpions
  10 draconian annihilators
  8 deep elf sorcerers
  2 draconian stormcallers
  4 ghost moths
  6 draconian shifters
  A quicksilver ooze (shapeshifter) (Vaults:5)
  5 war gargoyles
  18 stone giants
  A juggernaut skeleton (Depths:3)
  A spriggan defender (Depths:1)
  A reaper (Gauntlet)
  A caustic shrike skeleton (Depths:3)
  13 very ugly things
  19 ironbound preservers
  5 vampire knights
  9 deep elf demonologists
  The ghost of Sidghehi the Bringer of Light, a journeyman HuFi of the Shining One (Lair:5)
  13 black draconians
  3 bunyips
  6 dire elephants
  2 narguns (Zot:3)
  8 deep elf annihilators
  A dire elephant (shapeshifter) (Depths:4)
  3 entropy weavers
  12 purple draconians
  10 red draconians
  4 spark wasps
  15 white draconians
  A minotaur (shapeshifter) (Depths:4)
  Azrael (Elf:2)
  7 draconian knights
  A minotaur (Gauntlet)
  13 yellow draconians
  4 eleionomae
  13 ettins
  7 deep elf death magi
  Josephine (D:12)
  2 blizzard demons
  Snorg (D:13)
  A crystal guardian (Vaults:2)
  5 green draconians
  6 fire dragons
  6 great orbs of eyes
  The ghost of TODO the Thaumaturge, a journeyman DjFE of Ashenzari (D:12)
  11 deep elf high priests
  20 yaktaur captains
  6 boulder beetles
  A hydra (shapeshifter) (Depths:2)
  27 hydras
  2 ogre magi
  6 rakshasas
  37 vault guards
  6 ice dragons
  4 ironbound thunderhulks
  6 spriggan air magi
  Erica (D:8)
  2 peacekeepers
  A hell beast (Vaults:1)
  A caustic shrike simulacrum (Depths:3)
  2 ghost crabs (Swamp:3)
  8 ironbound frosthearts
  3 centaur warriors
  11 death yaks
  A merfolk avatar (Lair:6)
  A satyr (shapeshifter) (Depths:4)
  45 dancing weapons
  2 death knights
  7 two-headed ogres
  3 tengu warriors
  11 alligators
  4 deep troll shamans
  2 vampire magi
  3 removed ironbound beastmasters
  7 deep troll earth magi
  6 spriggan berserkers
  3 orc high priests (Orc:2)
  A soul eater (Vaults:2)
  10 spriggans
  20 hell knights
  A sun demon (Vaults:1)
  A shock serpent (shapeshifter) (Depths:4)
  Nergalle (Lair:3)
  13 deep elf knights
  Urug (Lair:3)
  A shadow wraith (Vaults:2)
  2 iron trolls (Depths:5)
  3 skeletal warriors (D:15)
  The ghost of leviel the Cleaver, a novice HOFi of Okawaru (D:7)
  A sixfirhy (Vaults:1)
  4 goliath frogs
  44 deep trolls
  4 spriggan druids
  A glowing orange brain (shapeshifter) (Vaults:4)
  A flayed ghost (Depths:3)
  7 glowing orange brains
  A lindwurm (Orc:2)
  4 bog bodies
  11 swamp dragons
  An obsidian statue (Depths:4)
  22 necromancers
  14 deep elf archers
  13 ironbound convokers
  31 deep elf pyromancers
  9 phantasmal warriors
  14 wizards
  28 deep elf zephyrmancers
  An orc sorcerer (Orc:2)
  A harpy (Lair:6)
  An oklob plant (Lair:5)
  17 orb spiders
  2 orc knights
  23 wolf spiders
  2 manticores
  A shining eye (shapeshifter) (Depths:2)
  A sphinx skeleton (Depths:3)
  A faun (shapeshifter) (Depths:4)
  6 will-o-the-wisps
  44 ugly things
  7 cyclopes
  A manticore (shapeshifter) (Elf:3)
  25 moths of wrath
  2 rust devils (D:6)
  An elephant (shapeshifter) (Depths:4)
  A stone giant skeleton (Vaults:3)
  An eye of devastation (shapeshifter) (Vaults:5)
  2 naga magi (D:15)
  22 elephants
  A torpor snail (shapeshifter) (Depths:4)
  18 vault sentinels
  3 black mambas
  2 black mambas (shapeshifter)
  2 cane toads (shapeshifter)
  A torpor snail (Lair:6)
  2 molten gargoyles (Depths:4)
  2 unseen horrors
  21 cane toads
  9 rime drakes
  15 komodo dragons
  A komodo dragon (shapeshifter) (D:15)
  40 yaktaurs
  An efreet (D:9)
  12 demonic crawlers
  Maggie (D:6)
  An ice devil (Gauntlet)
  10 tengu conjurers
  6 freezing wraiths
  A merfolk (shapeshifter) (Vaults:2)
  29 jumping spiders
  8 meliai
  A hellwing (Gauntlet)
  21 hornets
  A jumping spider (shapeshifter) (D:9)
  7 polar bears
  3 queen bees
  7 tyrant leeches
  A troll (shapeshifter) (Depths:4)
  A wolf spider simulacrum (D:14)
  5 trolls
  6 wind drakes
  A blink frog (Lair:5)
  A blink frog (shapeshifter) (D:13)
  39 slime creatures
  10 air elementals
  2 shadows
  58 redbacks
  9 wyverns
  3 centaur simulacra
  A spriggan (shapeshifter) (Vaults:4)
  13 water elementals
  32 tarantellas
  Sigmund (D:5)
  4 humans
  A tarantella (shapeshifter) (Vaults:4)
  6 fire elementals
  66 yaks
  7 wraiths
  An elf zombie (Vaults:3)
  A golden eye (shapeshifter) (Depths:2)
  Grum (D:8)
  A basilisk (shapeshifter) (D:9)
  3 steam dragons
  7 basilisks
  6 wargs
  2 elf skeletons
  8 swamp worms
  15 vampire mosquitoes
  A swamp worm (shapeshifter) (Vaults:3)
  21 water moccasins
  The ghost of TODO the Zephyrmancer, an amateur TeAE of Wu Jian (D:5)
  Duvessa (D:6)
  2 floating eyes (shapeshifter)
  19 orc warriors
  4 hell hounds (Elf:2)
  9 swamp drakes
  An ettin simulacrum (Vaults:3)
  4 black bears
  7 necrophages
  6 ogres
  A wolf (shapeshifter) (Vaults:5)
  4 boggarts (Vaults:2)
  12 centaurs
  19 wolves
  5 kobold brigands
  13 bullfrogs
  12 earth elementals
  2 scorpions (D:6)
  A wyvern zombie (D:9)
  9 gnoll sergeants
  Dowan (D:6)
  61 killer bees
  A water moccasin skeleton (D:7)
  4 wights (D:9)
  3 electric eels
  4 howler monkeys (D:9)
  4 centaur zombies
  Crazy Yiuf (D:6)
  A human zombie (Ossuary)
  3 centaur skeletons
  53 orc priests
  4 hounds
  2 jellies
  7 gnoll boudas
  Jessica (D:3)
  A bullfrog skeleton (D:5)
  Terence (D:2)
  18 orc wizards
  2 iguanas (D:5)
  6 hell rats (Lair:5)
  2 mummies (Ossuary)
  A howler monkey zombie (D:7)
  24 gnolls
  Robin (D:3)
  7 adders
  A shadow imp (D:6)
  5 white imps
  An ufetubus (D:6)
  3 dart slugs
  90 orcs
  4 ball pythons
  4 endoplasms
  7 giant cockroaches
  7 hobgoblins
  32 kobolds
  5 quokkas
  7 bats
  2 frilled lizards
  2 frilled lizards (shapeshifter) (Vaults:5)
  4 gnoll zombies (Ossuary)
  11 goblins
  4 goblin zombies (Ossuary)
  3 hobgoblin zombies (Ossuary)
  An orc zombie (Ossuary)
  A quokka zombie (D:4)
  10 rats
  A rat zombie (D:4)
  2 briar patches (Swamp:3)
  A bush (Elf:3)
2219 creatures vanquished.

Vanquished Creatures (collateral kills)
  3 orb spiders (Spider:1)
  3 wolf spiders
  An elephant (Lair:6)
  2 cane toads
  6 jumping spiders
  A hornet (Spider:1)
  2 redbacks (Spider:4)
  3 yaks
  A killer bee (Lair:5)
  An orc (D:9)
  A kobold (D:10)
24 creatures vanquished.

Vanquished Creatures (others)
  A lich (Vaults:5)
  A shadow dragon (Vaults:5)
  Nessos (Lair:6)
  A stone giant (Depths:2)
  A draconian annihilator (Zot:2)
  A deep elf knight (Elf:1)
  3 deep elf pyromancers
  An orb spider (Spider:2)
  A necromancer (Depths:3)
  3 deep elf zephyrmancers
  A bloated husk (Swamp:2)
  2 redbacks
  2 orcs (Vaults:5)
  8 ball lightnings (Depths:4)
  3 briar patches (Swamp:3)
  21 foxfires
  35 fungi
  140 plants
  14 withered plants (Gauntlet)
240 creatures vanquished.

Grand Total: 2483 creatures vanquished

Notes
Turn   | Place    | Note
-------+----------+-------------------------------------------
     0 | D:1      | flord the Minotaur Fighter began the quest for the Orb.
     0 | D:1      | Reached XP level 1. HP: 19/19 MP: 0/0
    78 | D:1      | Reached XP level 2. HP: 21/27 MP: 1/1
   542 | D:1      | Reached XP level 3. HP: 33/33 MP: 2/2
   819 | D:2      | Noticed Terence
   826 | D:2      | Killed Terence
   827 | D:2      | Reached skill level 5 in Axes
   830 | D:2      | Reached XP level 4. HP: 33/40 MP: 3/3
  1221 | D:2      | Noticed a necrophage
  1237 | D:2      | Killed a necrophage
  1238 | D:2      | Reached XP level 5. HP: 34/46 MP: 4/4
  1600 | D:3      | Noticed Jessica
  1608 | D:3      | Killed Jessica
  1834 | D:3      | Reached XP level 6. HP: 40/52 MP: 5/5
  1951 | D:3      | Found a sacrificial altar of Ru.
  2041 | D:3      | Noticed Robin
  2084 | D:3      | Killed Robin
  2732 | D:4      | Identified the +4 dagger of Rosh {vorpal, Dex+5}
  2791 | D:4      | Found a glowing drain.
  2808 | D:4      | Identified the ring "Joelim" {rPois rF+ Will+ Dex+4}
  2845 | D:4      | Found a sand-covered staircase.
  2864 | Ossuary  | Entered an ossuary
  3099 | Ossuary  | Reached XP level 7. HP: 58/58 MP: 6/6
  3624 | D:5      | Entered Level 5 of the Dungeon
  3633 | D:5      | Identified the ring of Puruapev {*Corrode Str+7 Dex+6}
  3650 | D:5      | Noticed Sigmund
  3661 | D:5      | Killed Sigmund
  3707 | D:5      | Reached skill level 10 in Axes
  3925 | D:5      | Reached skill level 5 in Shields
  3929 | D:5      | Found a runed translucent gate.
  3929 | D:5      | Noticed a shadow
  4022 | D:5      | Found an opulent altar of Gozag.
  4023 | D:5      | Found a runed translucent gate.
  4023 | D:5      | Found a runed translucent gate.
  4023 | D:5      | Noticed TODO's ghost (amateur TeAE)
  4393 | D:6      | Reached XP level 8. HP: 56/66 MP: 7/7
  4628 | D:6      | Reached skill level 10 in Shields
  4635 | D:5      | Noticed a rust devil
  4635 | D:5      | Noticed a rust devil
  5164 | D:6      | Noticed Duvessa
  5164 | D:6      | Noticed Dowan
  5175 | D:6      | Killed Dowan
  5525 | D:6      | Noticed Maggie
  5536 | D:6      | Killed Maggie
  5537 | D:6      | Reached skill level 5 in Armour
  5537 | D:6      | Reached XP level 9. HP: 64/71 MP: 8/8
  5707 | D:6      | Killed a rust devil
  5985 | D:6      | Found Gipile's Magic Scroll Shop.
  6117 | D:6      | Killed Duvessa
  6160 | D:6      | Found a runed translucent door.
  6161 | D:6      | Noticed Crazy Yiuf
  6585 | D:7      | Found a flagged portal.
  6594 | Bailey   | Entered a bailey
  6753 | Bailey   | Reached skill level 10 in Armour
  7380 | Bailey   | Reached XP level 10. HP: 40/79 MP: 9/9
  7806 | D:7      | Found a runed translucent door.
  7806 | D:7      | Noticed leviel's ghost (novice HOFi)
  7924 | D:7      | Reached skill level 5 in Fighting
  8121 | D:7      | Found a staircase to the Ecumenical Temple.
  8127 | Temple   | Entered the Ecumenical Temple
  8218 | Temple   | Became a worshipper of Warmaster Okawaru
  8741 | D:8      | Noticed Erica
  8783 | D:8      | Killed Erica
  8783 | D:8      | Reached * piety under Okawaru
  9240 | D:8      | Noticed a five-headed hydra
  9252 | D:8      | Killed a one-headed hydra
  9252 | D:8      | Reached ** piety under Okawaru
  9415 | D:8      | Noticed Grum
  9436 | D:8      | Killed Grum
  9710 | D:9      | Found Oquoc's Armour Shop.
 10134 | D:9      | Found Onewnom's Antique Armour Shoppe.
 10135 | D:9      | Found Laerij's Assorted Antiques.
 10146 | D:9      | Reached XP level 11. HP: 91/92 MP: 10/10
 10161 | D:9      | Bought an encrusted plate armour for 868 gold pieces
 10161 | D:9      | Identified the +17 plate armour "Ufunuc" {+Blink rF+++
                  | Dex-3 Stlth+} (You bought it in a shop on level 9 of the
                  | Dungeon)
 10609 | D:9      | Found a staircase to the Orcish Mines.
 10832 | D:9      | Noticed a wizard
 10835 | D:9      | Reached skill level 1 in Invocations
 10848 | D:9      | Killed a wizard
 10848 | D:9      | Reached *** piety under Okawaru
 10859 | D:9      | Noticed a two-headed ogre
 10866 | D:9      | Killed a two-headed ogre
 11015 | D:9      | Reached **** piety under Okawaru
 11134 | D:9      | Noticed a centaur warrior
 11146 | D:9      | Killed a centaur warrior
 11464 | D:9      | Noticed a green ugly thing
 11464 | D:9      | Noticed a centaur warrior
 11479 | D:9      | Killed a centaur warrior
 11488 | D:9      | Killed a green ugly thing
 11488 | D:9      | Reached ***** piety under Okawaru
 11520 | D:9      | Noticed a two-headed ogre
 11526 | D:9      | Killed a two-headed ogre
 11553 | D:9      | Found the +9 sword of Zonguldrok {reap}
 11554 | D:9      | Identified the +3 trident "Qasuotyps" {flame, rC+}
 11880 | D:10     | Entered Level 10 of the Dungeon
 12086 | D:10     | Noticed a death yak
 12229 | Orc:1    | Entered Level 1 of the Orcish Mines
 12243 | D:9      | Reached skill level 1 in Long Blades
 13107 | Orc:1    | Reached XP level 12. HP: 97/103 MP: 13/13
 13356 | D:5      | Received a gift from Okawaru
 13363 | D:5      | Killed TODO's ghost
 13527 | D:6      | Killed Crazy Yiuf
 13761 | D:7      | Killed leviel's ghost
 13952 | D:10     | Noticed a death yak
 13987 | D:9      | Killed a death yak
 13988 | D:9      | Reached skill level 5 in Long Blades
 14172 | D:10     | Found a staircase to the Lair.
 14175 | D:10     | Noticed a death yak
 14175 | D:10     | Noticed a death yak
 14205 | D:10     | Killed a death yak
 14213 | D:10     | Noticed a death yak
 14216 | D:10     | Noticed a death yak
 14233 | D:9      | Killed a death yak
 14234 | D:9      | Reached skill level 5 in Invocations
 14567 | D:10     | Killed a death yak
 14859 | D:9      | Killed a death yak
 14869 | D:10     | Killed a death yak
 14996 | Lair:1   | Entered Level 1 of the Lair of Beasts
 15253 | Lair:1   | Received a gift from Okawaru
 15257 | Lair:1   | Reached skill level 10 in Long Blades
 15412 | Lair:1   | Noticed a five-headed hydra
 15420 | Lair:1   | Killed a ten-headed hydra
 15924 | Lair:2   | Found a gate leading to a gauntlet.
 15932 | Gauntlet | Entered a Gauntlet
 15932 | Gauntlet | Found a transporter.
 15939 | Gauntlet | Noticed a tengu warrior
 15944 | Gauntlet | Found a transporter.
 15953 | Gauntlet | Found a transporter.
 15967 | Gauntlet | Found a transporter.
 15972 | Gauntlet | Found a transporter.
 15973 | Gauntlet | Noticed a six-headed hydra
 15987 | Gauntlet | Found a transporter.
 16005 | Gauntlet | Noticed a reaper
 16006 | Gauntlet | Found a transporter.
 16014 | Gauntlet | Found a large runed translucent door.
 16015 | Gauntlet | Found a large runed translucent door.
 16016 | Gauntlet | Found a large runed translucent door.
 16016 | Gauntlet | Found a large runed translucent door.
 16017 | Gauntlet | Found a runed translucent gate.
 16018 | Gauntlet | Found a transporter.
 16018 | Gauntlet | Found a runed translucent gate.
 16019 | Gauntlet | Found a runed translucent gate.
 16020 | Gauntlet | Found a large runed translucent door.
 16020 | Gauntlet | Found a large runed translucent door.
 16020 | Gauntlet | Found a runed translucent door.
 16020 | Gauntlet | Found a runed translucent door.
 16020 | Gauntlet | Noticed a hell beast
 16021 | Gauntlet | Found a large runed translucent door.
 16022 | Gauntlet | Found a large runed translucent door.
 16024 | Gauntlet | Found a transporter.
 16029 | Gauntlet | Found a large runed translucent door.
 16029 | Gauntlet | Found a large runed translucent door.
 16030 | Gauntlet | Found a large runed translucent door.
 16031 | Gauntlet | Found a large runed translucent door.
 16035 | Gauntlet | Noticed a ghost crab
 16039 | Gauntlet | Found a transporter.
 16041 | Gauntlet | Found a large runed translucent door.
 16041 | Gauntlet | Found a large runed translucent door.
 16042 | Gauntlet | Found a large runed translucent door.
 16043 | Gauntlet | Found a large runed translucent door.
 16045 | Gauntlet | Found a transporter.
 16060 | Gauntlet | Found a transporter.
 16066 | Gauntlet | Found a transporter.
 16074 | Gauntlet | Noticed a dire elephant
 16081 | Gauntlet | Found a transporter.
 16098 | Gauntlet | Found a transporter.
 16118 | Gauntlet | Found a transporter.
 16143 | Gauntlet | Found a transporter.
 16145 | Gauntlet | Found a transporter.
 16588 | Gauntlet | Reached XP level 13. HP: 110/110 MP: 14/17
 16666 | Gauntlet | Killed a reaper
 16683 | Gauntlet | Identified the amulet of Jibij {Faith Fragile Fly rF+
                  | Slay+2}
 16693 | Gauntlet | Identified the Guide on Moulding and Attacks
 16700 | Gauntlet | Noticed a minotaur
 16725 | Gauntlet | Killed a minotaur
 16736 | Gauntlet | Identified the Reference Book on Flamy Attacks
 16743 | Gauntlet | Identified the Almanac of Transformation
 18071 | Lair:3   | Reached ****** piety under Okawaru
 18309 | Lair:3   | Identified the +2 pair of boots "Ycorekiz" {Str+7} (Okawaru
                  | gifted it to you on level 3 of the Lair of Beasts)
 18309 | Lair:3   | Received a gift from Okawaru
 18419 | Lair:3   | Noticed Nergalle
 18433 | Lair:3   | Killed Nergalle
 18778 | Lair:3   | Noticed Urug
 18795 | Lair:3   | Killed Urug
 19795 | Lair:4   | Found a hole to the Spider Nest.
 19801 | Lair:4   | Found a staircase to the Swamp.
 19848 | Lair:4   | Reached XP level 14. HP: 109/118 MP: 20/20
 20409 | Lair:4   | Identified a scroll of acquirement
 20409 | Lair:4   | Acquired 904 gold pieces
 20539 | Lair:1   | Gained mutation: You occasionally lose the ability to read
                  | scrolls when taking damage. [potion of mutation]
 20539 | Lair:1   | Gained mutation: You passively map a small area around you.
                  | [potion of mutation]
 20695 | Lair:5   | Found a burning altar of Makhleb.
 20777 | Lair:5   | Received a gift from Okawaru
 20778 | Lair:5   | Reached skill level 10 in Fighting
 20910 | Lair:5   | Noticed Sidghehi's ghost (journeyman HuFi)
 21842 | Lair:5   | Found a transporter.
 21846 | Lair:5   | Found a transporter.
 21963 | Lair:5   | Found a staircase to the Slime Pits.
 22664 | Lair:5   | Killed Sidghehi's ghost
 22665 | Lair:5   | Received a gift from Okawaru
 22906 | Lair:6   | Entered Level 6 of the Lair of Beasts
 22947 | Lair:6   | Reached skill level 15 in Long Blades
 23027 | Lair:6   | Noticed Nessos
 23035 | Lair:6   | Killed Nessos
 23084 | Lair:6   | Reached skill level 10 in Invocations
 23298 | Lair:6   | Reached XP level 15. HP: 120/134 MP: 21/21
 23474 | Lair:6   | Received a gift from Okawaru
 23785 | Lair:6   | Identified the +1 pair of gloves "Fausaanu" {Str+4 Int+3
                  | Slay+3}
 24099 | Lair:6   | Lost mutation: You passively map a small area around you.
                  | [potion of mutation]
 24099 | Lair:6   | Lost mutation: You occasionally lose the ability to read
                  | scrolls when taking damage. [potion of mutation]
 24099 | Lair:6   | Gained mutation: You have sharp toenails. [potion of
                  | mutation]
 24099 | Lair:6   | Gained mutation: Your movements are slightly less
                  | encumbered by armour. (ER -2) [potion of mutation]
 24099 | Lair:6   | Gained mutation: Your system is resistant to poisons.
                  | (rPois) [potion of mutation]
 24608 | Spider:1 | Entered Level 1 of the Spider Nest
 24915 | Lair:4   | Identified the +9 longbow "Osodai Vana" {speed, rElec rF+
                  | Dex+6} (Okawaru gifted it to you on level 4 of the Lair of
                  | Beasts)
 24915 | Lair:4   | Received a gift from Okawaru
 25814 | Spider:2 | Received a gift from Okawaru
 26226 | Spider:2 | Reached skill level 15 in Fighting
 26226 | Spider:2 | Reached skill level 15 in Shields
 26542 | Spider:3 | Reached skill level 15 in Armour
 26648 | Spider:3 | Noticed a Tzitzimitl
 26654 | Spider:3 | Killed a Tzitzimitl
 26809 | Spider:3 | Reached XP level 16. HP: 149/149 MP: 23/23
 27296 | Spider:4 | Entered Level 4 of the Spider Nest
 27296 | Spider:4 | Noticed Arachne
 27317 | Spider:3 | Killed Arachne
 27807 | Spider:3 | Received a gift from Okawaru
 28174 | Spider:4 | Identified the +9 long sword of the Distant Future {freeze,
                  | +Rage Stlth+} (Okawaru gifted it to you on level 4 of the
                  | Spider Nest)
 28174 | Spider:4 | Received a gift from Okawaru
 28594 | Spider:4 | Received a gift from Okawaru
 29023 | Spider:4 | Got a gossamer rune of Zot
 29217 | Lair:1   | Upgraded the game from 0.27-a0-1228-gfd60fd639a to
                  | 0.27-a0-1456-gf5a116941d
 29233 | Lair:1   | Upgraded the game from 0.27-a0-1456-gf5a116941d to
                  | 0.28-a0-410-gbef64dd269
 29312 | Swamp:1  | Entered Level 1 of the Swamp
 30407 | Swamp:1  | Received a gift from Okawaru
 30439 | Swamp:2  | Noticed Kirke
 30449 | Swamp:2  | Killed Kirke
 30456 | Swamp:2  | Noticed a thorn hunter
 30569 | Swamp:1  | Killed a thorn hunter
 30569 | Swamp:1  | Identified the +1 double sword of Ceanawill {vorpal, Int+2
                  | Stlth+} (Okawaru gifted it to you on level 1 of the Swamp)
 30569 | Swamp:1  | Received a gift from Okawaru
 30618 | Swamp:2  | Reached XP level 17. HP: 141/163 MP: 24/24
 31497 | Swamp:3  | Received a gift from Okawaru
 32280 | Swamp:4  | Entered Level 4 of the Swamp
 33044 | Swamp:4  | Got a decaying rune of Zot
 33472 | Lair:1   | Upgraded the game from 0.28-a0-410-gbef64dd269 to
                  | 0.28-a0-461-g2dc4ca5097
 33930 | D:11     | Found a blossoming altar of Fedhas.
 34325 | D:12     | Found a runed translucent door.
 34331 | D:12     | Noticed TODO's ghost (journeyman DjFE)
 34331 | D:12     | Noticed Josephine
 34341 | D:12     | Killed Josephine
 34369 | D:12     | Killed TODO's ghost
 34457 | D:12     | Acquired a manual of Evocations
 35000 | D:12     | Received a gift from Okawaru
 35169 | D:13     | Noticed Snorg
 35181 | D:13     | Killed Snorg
 35662 | D:13     | Found a gate to the Vaults.
 35972 | D:14     | Found Muegg's Antique Weapon Boutique.
 36330 | D:14     | Reached XP level 18. HP: 174/174 MP: 8/26
 36347 | D:14     | Identified the amulet of Ifaiwk {Faith Harm rPois Str+2
                  | Dex-3}
 36835 | D:15     | Entered Level 15 of the Dungeon
 37063 | D:15     | Found Ythefum's General Store.
 37090 | D:15     | Received a gift from Okawaru
 37271 | D:15     | Found an ornate altar of the Wu Jian Council.
 37796 | D:15     | Found a sacrificial altar of Ru.
 37893 | D:15     | Found a staircase to the Depths.
 38594 | Orc:2    | Entered Level 2 of the Orcish Mines
 38884 | Orc:2    | Noticed Donald
 38894 | Orc:2    | Killed Donald
 39218 | Orc:2    | Found a staircase to the Elven Halls.
 39228 | Elf:1    | Entered Level 1 of the Elven Halls
 39615 | Orc:2    | Found Zigge's Antique Armour Boutique.
 39615 | Orc:2    | Found Qimoekh's Antique Weapon Emporium.
 39982 | Orc:2    | Found Sodwytyth's Magic Scroll Boutique.
 39982 | Orc:2    | Found Barrigou's Jewellery Emporium.
 40689 | Elf:1    | Received a gift from Okawaru
 41404 | Elf:2    | Received a gift from Okawaru
 41444 | Elf:2    | Paralysed by an air elemental for 1 turns
 41645 | Elf:2    | Found an ancient bone altar of Kikubaaqudgha.
 41648 | Elf:2    | Paralysed by an air elemental for 1 turns
 41652 | Elf:2    | Paralysed by an air elemental for 1 turns
 41714 | Elf:2    | Identified the +9 long sword of Dishonour {elec, rF+ Int+2}
 41755 | Elf:2    | Noticed Agnes
 42076 | Elf:2    | Reached XP level 19. HP: 139/185 MP: 6/27
 42140 | Elf:2    | Killed Agnes
 42598 | Elf:2    | Noticed Jorgrun
 42599 | Elf:2    | Noticed Azrael
 42823 | Elf:2    | Paralysed by an air elemental for 1 turns
 42825 | Elf:2    | Paralysed by an air elemental for 1 turns
 42837 | Elf:2    | Killed Jorgrun
 43041 | Elf:2    | Found a runed translucent gate.
 43041 | Elf:2    | Found a runed translucent gate.
 43043 | Elf:2    | Found a runed translucent gate.
 43124 | Elf:2    | Identified the +5 long sword of the Candelabrum {speed, rN+
                  | Dex+3} (Okawaru gifted it to you on level 2 of the Elven
                  | Halls)
 43124 | Elf:2    | Received a gift from Okawaru
 43260 | Elf:2    | Killed Azrael
 43520 | Elf:3    | Entered Level 3 of the Elven Halls
 43593 | Elf:3    | Found Jegrolit's Magic Scroll Shoppe.
 44483 | Elf:3    | Identified the +8 trident of Vodka {protect, Dex+2}
 44654 | Elf:3    | Paralysed by an air elemental for 1 turns
 44754 | Elf:3    | Identified the +5 falchion of the Sun {protect, Int+4}
                  | (Okawaru gifted it to you on level 3 of the Elven Halls)
 44754 | Elf:3    | Received a gift from Okawaru
 44888 | Elf:3    | Identified the +1 robe of the Wilderness {Harm rPois rC+++
                  | Dex-2}
 44999 | Elf:3    | Identified the +7 battleaxe of the Glowing Ancients {drain,
                  | rF+ Will++}
 45407 | Elf:3    | Identified the +0 hat of Mordant Awe {Harm Regen+ Str+10
                  | Dex-4} (Okawaru gifted it to you on level 3 of the Elven
                  | Halls)
 45407 | Elf:3    | Received a gift from Okawaru
 45633 | Elf:3    | Identified the +10 quick blade of Impeachment {spect, rElec
                  | rN+ Int-5 Dex+3}
 45633 | Elf:3    | Identified the +4 chain mail "Ziomolio" {Rampage Regen+
                  | Slay+5}
 45633 | Elf:3    | Identified the amulet "Lemu" {RegenMP Fragile Fly rC+ SInv}
 45742 | Elf:3    | Got Roopp's Papyrus of Floating Fire
 46311 | Vaults:1 | Entered Level 1 of the Vaults
 46345 | Vaults:1 | Reached skill level 1 in Dodging
 46994 | Vaults:1 | Found a magical portal.
 46999 | WizLab   | Entered The Hall of the Hellbinder
 47272 | Vaults:1 | Reached XP level 20. HP: 190/198 MP: 29/29
 47521 | Vaults:1 | Found Rimofar's Magic Scroll Emporium.
 48797 | Vaults:2 | Received a gift from Okawaru
 49127 | Vaults:2 | Found Budimure's Antique Weapon Boutique.
 49166 | Vaults:2 | Received a gift from Okawaru
 49175 | Vaults:2 | Reached skill level 5 in Dodging
 49496 | Vaults:2 | Found a staircase to the Crypt.
 50118 | Vaults:2 | Upgraded the game from 0.28-a0-461-g2dc4ca5097 to
                  | 0.28-a0-465-ge2dae52223
 51126 | Vaults:3 | Reached XP level 21. HP: 81/206 MP: 30/30
 51638 | Vaults:3 | Received a gift from Okawaru
 52376 | Vaults:3 | Received a gift from Okawaru
 53292 | Vaults:4 | Found Giakke's Assorted Antiques.
 53511 | Vaults:4 | Identified the +0 leather armour "Buraazys" {rPois Dex+7
                  | Stlth+}
 53663 | Vaults:4 | Received a gift from Okawaru
 54377 | Vaults:5 | Entered Level 5 of the Vaults
 54377 | Vaults:5 | Noticed Mara
 55318 | Vaults:4 | Reached XP level 22. HP: 171/217 MP: 32/32
 55833 | Vaults:4 | Reached skill level 10 in Dodging
 55908 | Vaults:5 | Noticed flord's illusion
 56049 | Vaults:5 | Noticed flord's illusion
 56172 | Vaults:4 | Killed Mara
 56356 | Vaults:4 | Received a gift from Okawaru
 56546 | Vaults:5 | Paralysed by a floating eye for 3 turns
 56791 | Vaults:5 | Identified the +0 plate armour "Xeaggel" {Dex+7}
 56893 | Vaults:5 | Identified the +1 ice dragon scales of the Moon Troll {rF-
                  | rC++ Dex+3}
 56943 | Vaults:5 | Got a silver rune of Zot
 57114 | Vaults:5 | Reached skill level 15 in Invocations
 57272 | Vaults:5 | Noticed an ancient lich
 57294 | Vaults:5 | Killed an ancient lich
 57327 | Vaults:5 | Identified the +2 morningstar "Ycwai" {drain, Int+5 Dex+3}
 57346 | Vaults:5 | Received a gift from Okawaru
 57662 | Vaults:5 | Received a gift from Okawaru
 57662 | Vaults:5 | Found the +14 obsidian axe {vorpal, Mesm Drain Fly SInv}
 57823 | Vaults:5 | Reached XP level 23. HP: 227/227 MP: 33/33
 57992 | Vaults:5 | Identified the +4 hand crossbow "Innowoyd" {vorpal, rF+
                  | Str+4 Int+3 Dex+2}
 57993 | Vaults:5 | Identified the +5 ring mail of the Swan {rN+ Str+3}
 58188 | Vaults:5 | Found Deraps's Magic Scroll Boutique.
 58211 | Vaults:5 | Identified the +5 shortbow "Fittaz" {flame, rF+++}
 58320 | Vaults:5 | Identified the +4 rapier of Jahe {vorpal, Stlth+}
 58468 | Vaults:5 | Found Sucs's Magic Scroll Emporium.
 58776 | Lair:1   | Acquired 814 gold pieces
 58902 | Depths:1 | Entered Level 1 of the Depths
 58965 | Depths:1 | Reached skill level 1 in Evocations
 59106 | Depths:1 | You fall into a shaft and drop 1 floor!
 59130 | Depths:2 | Received a gift from Okawaru
 59235 | Depths:2 | Found Simaca's General Store.
 59249 | Depths:2 | Noticed a juggernaut
 59263 | Depths:2 | Killed a juggernaut
 59397 | Depths:2 | Noticed Asterion
 59402 | Depths:2 | Identified the +1 robe of True Grit {Harm +Blink Will++
                  | Dex-4}
 59421 | Depths:2 | Killed Asterion
 59481 | Depths:2 | Noticed a caustic shrike
 59493 | Depths:2 | Killed a caustic shrike
 59538 | Depths:2 | Noticed a caustic shrike
 59623 | Depths:2 | Identified the +11 spear of Qesyc {flame, Will+ Str+5}
 59624 | Depths:2 | Identified the +7 scythe of Lehi {pain, Int+4}
 59677 | Depths:2 | Noticed a juggernaut
 59702 | Depths:2 | Killed a juggernaut
 59814 | Depths:2 | Found a gateway to Hell.
 59830 | Depths:2 | Found a gateway to a ziggurat.
 59959 | Depths:2 | Killed a caustic shrike
 59959 | Depths:2 | Identified the +1 plate armour "Minkerha" {*Corrode +Blink
                  | Dex+4} (Okawaru gifted it to you on level 2 of the Depths)
 59959 | Depths:2 | Received a gift from Okawaru
 60076 | Depths:2 | Found a corrupted altar of Lugonu.
 60076 | Depths:2 | Found a one-way gate to the infinite horrors of the Abyss.
 60123 | Depths:2 | Found Giwak's Gadget Gallery.
 60231 | Depths:2 | Upgraded the game from 0.28-a0-465-ge2dae52223 to
                  | 0.28-a0-474-g535839065c
 60286 | Depths:3 | Found a one-way gate leading to the halls of Pandemonium.
 60313 | Depths:3 | Reached skill level 5 in Evocations
 60348 | Depths:3 | Found a white marble altar of Elyvilon.
 60349 | Depths:3 | Found a runed translucent door.
 61385 | Depths:3 | Reached XP level 24. HP: 208/238 MP: 33/33
 62157 | Depths:4 | Paralysed by an air elemental for 1 turns
 62162 | Depths:4 | Paralysed by an air elemental for 1 turns
 62428 | Depths:4 | Paralysed by an air elemental for 1 turns
 62437 | Depths:4 | Paralysed by an air elemental for 1 turns
 62716 | Depths:4 | Received a gift from Okawaru
 62805 | Depths:4 | You fall into a shaft and drop 1 floor!
 62805 | Depths:5 | Entered Level 5 of the Depths
 63313 | Depths:4 | Paralysed by an air elemental for 1 turns
 63317 | Depths:4 | Paralysed by an air elemental for 1 turns
 63321 | Depths:4 | Paralysed by an air elemental for 1 turns
 63325 | Depths:4 | Paralysed by an air elemental for 1 turns
 63552 | Depths:4 | Received a gift from Okawaru
 63624 | Depths:4 | Identified the ring "Jielo" {rPois rF+ rN+ MP+9 Str-4}
 63662 | Depths:4 | Identified the +8 hunting sling of Parts Unknown {speed,
                  | rElec rPois Will- Str+2}
 63666 | Depths:4 | Identified the +7 spear of the Thoughtful Songs {antimagic,
                  | SInv}
 65002 | Depths:1 | Received a gift from Okawaru
 66462 | Depths:5 | Found a gate to the Realm of Zot.
 66653 | Depths:5 | Reached skill level 15 in Dodging
 66660 | Depths:5 | Received a gift from Okawaru
 67154 | Zot:1    | Entered Level 1 of the Realm of Zot
 67165 | Depths:5 | Reached XP level 25. HP: 244/245 MP: 33/33
 68814 | Zot:1    | Identified the +0 war axe of Greatest Utility {speed,
                  | rCorr}
 69561 | Lair:1   | Reached skill level 27 in Fighting
 69561 | Lair:1   | Upgraded the game from 0.28-a0-474-g535839065c to
                  | 0.28-a0-1613-gdaab1c2f9b
 69715 | Hell     | Entered the Vestibule of Hell
 69715 | Hell     | Noticed Geryon
 70351 | Zot:2    | Identified the +11 scimitar of Hega {drain, rElec Dex+4
                  | Stlth+} (Okawaru gifted it to you on level 2 of the Realm
                  | of Zot)
 70351 | Zot:2    | Received a gift from Okawaru
 70351 | Zot:2    | Noticed a Killer Klown
 70512 | Zot:1    | Killed a Killer Klown
 70630 | Zot:2    | Reached skill level 10 in Evocations
 72117 | Zot:2    | Identified the +2 pair of gloves of the Zebra {rElec rPois
                  | rN++ Will-} (Okawaru gifted it to you on level 2 of the
                  | Realm of Zot)
 72117 | Zot:2    | Received a gift from Okawaru
 72118 | Zot:2    | Reached skill level 27 in Armour
 72391 | Zot:2    | Reached skill level 27 in Shields
 72453 | Zot:2    | Noticed a dread lich
 72467 | Zot:2    | Killed a dread lich
 73522 | Zot:3    | Identified the +3 double sword "Toumi" {drain, rElec Str+5
                  | Int-5}
 73538 | Zot:3    | Reached XP level 26. HP: 250/266 MP: 29/33
 75915 | Zot:5    | Entered Level 5 of the Realm of Zot
 75917 | Zot:5    | Upgraded the game from 0.28-a0-1613-gdaab1c2f9b to
                  | 0.30-a0-757-ga6a79fd877
 75917 | Zot:5    | Quit the game

Illustrated notes

Levels and vault maps discovered:
D:1:      minmay_arrival_semitransparent, layout_rooms
D:2:      layout_basic, serial_bayou_lake_a, uniq_terence
D:3:      layout_loops_ring, lemuel_tele_altar, dk_noncrumbling_2,
          kennysheep_generic_room_3, uniq_robin, uniq_jessica
D:4:      layout_basic, gup_sewer_entry_glass, enter_ossuary_4
D:5:      cheibrodos_iron_armory, layout_rooms, ebering_ghost_gozag,
          uniq_sigmund
D:6:      layout_basic, serial_shops, nicolae_shop_waterfront,
          uniq_crazy_yiuf_cottage, uniq_duvessa, uniq_maggie
D:7:      layout_loops_ring, temple_statues, hellmonk_ghost_happy_afterlife,
          enter_bailey_6, st_stairs_2
D:8:      layout_rooms, minmay_misc_feat_hallway, kennysheep_boxes, uniq_erica,
          uniq_grum
D:9:      minmay_the_grid_3x3 [minmay_the_grid_tree, minmay_the_grid_spin_star,
          minmay_the_grid_all_tris, minmay_the_grid_tiny_cups,
          minmay_the_grid_aliased_spiral, minmay_the_grid_small_cups,
          minmay_the_grid_box_x, minmay_the_grid_dragon_b,
          minmay_the_grid_prize_shrinking_boxes], layout_basic,
          minmay_orc_entry_temple_small, serial_shops,
          nicolae_shop_temple_entry_statues_fountains, shop, shop,
          dk_rats_in_the_wall
D:10:     layout_small_grid, dpeg_lair_monsters
D:11:     layout_irregular_city, minmay_stone_trees_small, fedhas_ov_isle_minmay
D:12:     layout_basic, ebering_ghost_inner_flame, uniq_josephine
D:13:     layout_rooms, david_vaults_1, uniq_snorg
D:14:     layout_basic, grunt_decor_clamped, serial_shops, shop, drop_trap,
          onia_ninara_dug_in_and_dangerous
D:15:     grunt_enter_depths_magical_seal, layout_basic,
          nicolae_wu_jian_immortal_techniques, serial_shops, shop,
          nicolae_ru_path_of_blood
Temple:   dpeg_three_leaves_temple
Lair:1:   layout_big_grid, grunt_megastairs_5
Lair:2:   layout_cave_pods, gauntlet_entry_generic
Lair:3:   layout_roguey, chequers_serial_rivers_room_a,
          chequers_serial_rivers_micro_a, roderic_carrion_pond, uniq_urug,
          uniq_nergalle
Lair:4:   layout_regular_city, swamp_mist, dummy_spider_entry,
          serial_bayou_shore_b, serial_bayou_shore_b, serial_bayou_shore_a,
          infiniplex_staircase_pool
Lair:5:   regret_index_wax_grids, layout_layer_cave, dpeg_slime_entry_corner,
          gammafunk_ghost_hive, basic_altar
Lair:6:   gammafunk_lair_ancient_temple, layout_regular_city,
          chequers_serial_rivers_room_a, uniq_nessos
Swamp:1:  layout_basic_swamp, nicolae_swamp_tree_designs
Swamp:2:  layout_falls_marsh, evilmike_swamp_ruin_house_3, uniq_kirke
Swamp:3:  layout_falls_marsh, serial_swamp_ruin, evilmike_swamp_ruin_house_5,
          evilmike_swamp_ruin_rubble_1, evilmike_swamp_ruin_house_1, swamp_pool4
Swamp:4:  swamp, layout_basic_swamp
Spider:1: layout_spider_delve, guppyfry_hornet_nest
Spider:2: layout_spider_delve
Spider:3: layout_spider_delve, hangedman_spider_mandibles,
          nicolae_looking_at_the_future
Spider:4: grunt_spider_rune_circles, uniq_arachne
Orc:1:    layout_caves
Orc:2:    st_orc_town, layout_caves, nicolae_volcano_entry_vermiform,
          uniq_donald
Elf:1:    nicolae_elf_arrival_fired_up, layout_geoelf_diagonals,
          hangedman_elven_crosses_minicolossus
Elf:2:    elven_hall_of_blades_hangedman_original [mumra_blade_entry_dagger],
          layout_rooms, basic_altar, uniq_jorgrun, uniq_agnes, uniq_azrael
Elf:3:    minmay_elf_hall_spiked, layout_geoelf_castle, serial_shops,
          nicolae_diamond_shop
Vaults:1: v_misc_9, nicolae_vaults_mini_display_case,
          ontoclasm_vaults_ring_square, vaults_room_door_ring,
          ontoclasm_vaults_ring_square, layout_vaults_omnigrid,
          mu_enter_wizlab_1, serial_shops, nicolae_diamond_shop
Vaults:2: vaults_mumra_hexcomb, nicolae_vaults_theta,
          nicolae_vaults_good_morning_starshine, v_rooms_2,
          nicolae_vaults_bisected_slash, hangedman_vaults_variations, v_misc_3,
          v_misc_22, minmay_crypt_entry_simple_box,
          nicolae_vaults_yaktaur_gun_rack, layout_vaults_omnibox, serial_shops,
          nicolae_shop_window_shopping
Vaults:3: vaults_dpeg_encased_lava, nicolae_vaults_shelves_hall,
          st_greater_box_1, v_misc_19, v_pattern_2, v_misc_16,
          vaults_room_stairs_pillars, vaults_room_door_ring,
          grunt_vaults_hallway_short, vaults_mumra_minichess_inversion,
          layout_vaults_omnicross
Vaults:4: nicolae_vaults_network_periphery, v_misc_23, hangedman_vaults_slice,
          v_misc_18, vaults_room_ringed_pool, ontoclasm_vaults_tryst,
          nicolae_vaults_big_angled_halls, v_alt_pattern_3,
          hangedman_vaults_stitches, v_pattern_3, hangedman_vaults_stagger,
          v_misc_22, vaults_room_guarded_vault, layout_vaults_maze,
          serial_shops, nicolae_square_shop
Vaults:5: serial_shops, uniq_mara
Depths:1: kennysheep_large_spiral, layout_cave_pools, hell_entry,
          nicolae_water_bricks, minmay_starry_boxes
Depths:2: minmay_tile_spiral, layout_cave_pools, enter_ziggurat_b,
          minmay_misc_feat_tower, abyss_entry_flame_altar, hell_entry,
          serial_shops, nicolae_shop_crystal, grunt_decor_fettered,
          nicolae_shop_gadgets, uniq_asterion
Depths:3: minmay_inside_and_out, layout_gridlike, hangedman_abyss_entry_splay,
          kennysheep_donut, pan_entry, pf_vacation_house_of_asmodeus,
          lemuel_angel_altar
Depths:4: radiant_caverns_b_rkd, abyss_entry, hell_entry
Depths:5: grunt_zot_entry_funnels, layout_gridlike, grunt_hell_entry_dis_grunt,
          serial_bayou_shore_b
Hell
Zot:1:    layout_cellular_growth
Zot:2:    layout_basic, lemuel_lich_library, grunt_megastairs_3
Zot:3:    layout_basic, nicolae_rock_paper_scissors
Zot:4:    layout_onion, grunt_megastairs_2
Zot:5:    layout_twisted_circle, guppyfry_library_mini

Skill      XL: |  1  2  3  4  5  6  7  8  9 10 11 12 13 14 15 16 17 18 19 20 21 22 23 24 25 26 |
---------------+-------------------------------------------------------------------------------+-----
Axes           | 3 4 5 6 7 9 10 11 12 | 12.7
Shields        | 6 10 11 12 13 15 16 17 19 20 21 22 23 24 27 | 27.0
Armour         | 5 10 11 12 13 15 16 17 19 20 21 22 23 24 27 | 27.0
Fighting       | 4 7 8 9 12 15 17 18 20 21 22 23 24 27 | 27.0
Invocations    | 3 7 9 10 11 12 13 14 15 | 15.9
Long Blades    | 3 10 14 15 16 | 16.6
Dodging        | 2 7 9 11 13 15 18 19 | 19.7
Evocations     | 5 8 11 13 | 13.3

Action                     |  1- 3 |  4- 6 |  7- 9 | 10-12 | 13-15 | 16-18 | 19-21 | 22-24 | 25-27 || total
---------------------------+-------+-------+-------+-------+-------+-------+-------+-------+-------++-------
  Melee: War axe           |    66 |   171 |   275 |   411 |       |       |       |       |       ||   923
         Headbutt          |    10 |    25 |    66 |   178 |   317 |   431 |   698 |   793 |   341 ||  2859
         Scimitar          |       |       |       |     6 |   133 |    79 |       |       |   362 ||   580
         Double sword      |       |       |       |   282 |   989 |   976 |    77 |    33 |   267 ||  2624
         Long sword        |       |       |       |       |       |   300 |   679 |   101 |       ||  1080
         Quick blade       |       |       |       |       |       |       |   886 |    97 |       ||   983
         Demon blade       |       |       |       |       |       |       |       |  1736 |   289 ||  2025
  Throw: Throwing net      |       |       |     2 |       |       |       |       |       |     1 ||     3
         Dart              |       |       |     1 |       |       |       |       |       |       ||     1
 Invoke: Heroism           |       |       |       |     1 |     4 |     3 |     4 |       |       ||    12
         Finesse           |       |       |       |       |     1 |     1 |     3 |     2 |     3 ||    10
Ability: Evoke Blink       |       |       |       |       |       |       |       |     7 |       ||     7
  Evoke: Wand              |       |       |     3 |     8 |       |     5 |     1 |     1 |     4 ||    22
    Use: Scroll            |     3 |     3 |     6 |     5 |     3 |     9 |     5 |     3 |     1 ||    38
         Potion            |     1 |     2 |     9 |     5 |     5 |     1 |     2 |     3 |       ||    28
   Stab: Held in net/web   |       |       |     3 |       |       |     2 |       |       |       ||     5
         Paralysed         |       |       |       |    10 |       |       |       |       |       ||    10
         Distracted        |       |       |       |     1 |     5 |       |    20 |     1 |       ||    27
 Armour: Scale mail        |    31 |    68 |    18 |       |       |       |       |       |       ||   117
         Plate armour      |       |       |    55 |   329 |   623 |   637 |   350 |   682 |   334 ||  3010
  Dodge: Dodged            |    19 |    44 |    80 |   128 |   258 |   238 |   186 |   450 |   294 ||  1697
  Block: Kite shield       |    30 |   107 |   302 |   704 |  1236 |   524 |       |       |       ||  2903
         Reflection        |       |     1 |     5 |    29 |     5 |    80 |    96 |    36 |    20 ||   272
         Tower shield      |       |       |       |       |       |   740 |  1177 |  1775 |   878 ||  4570
Riposte: Double sword      |       |       |       |    12 |    54 |    14 |       |       |       ||    80
         Scimitar          |       |       |       |       |     3 |       |       |       |       ||     3

Table legend: (Time is in decaauts)
 A = Elapsed time spent in this place.
 B = Non-inter-level travel time spent in this place.
 C = Inter-level travel time spent in this place.
 D = Time resting spent in this place.
 E = Time spent auto-exploring this place.
 F = Levels seen in this place.
 G = Mean time per level.
                   A        B        C        D        E       F      G
               +--------+--------+--------+--------+--------+-----+--------+
         Total |  74094 |  69095 |   4999 |  15580 |  34701 |  55 | 1347.2 |
       Dungeon |  19065 |  17103 |   1962 |   3194 |  10003 |  15 | 1271.0 |
        Temple |     99 |     99 |      0 |      0 |     64 |   1 |   99.0 |
          Lair |   9324 |   8434 |    890 |   1071 |   5104 |   6 | 1554.0 |
         Swamp |   4141 |   4005 |    136 |   1239 |   1926 |   4 | 1035.2 |
   Spider Nest |   4042 |   3883 |    159 |    954 |   1829 |   4 | 1010.5 |
  Orcish Mines |   2027 |   1924 |    103 |     56 |   1332 |   2 | 1013.5 |
   Elven Halls |   5975 |   5864 |    111 |   1697 |   2277 |   3 | 1991.7 |
        Vaults |  11163 |  10607 |    556 |   3019 |   5017 |   5 | 2232.6 |
        Depths |   7922 |   7029 |    893 |    871 |   3378 |   5 | 1584.4 |
          Hell |      1 |      1 |      0 |      0 |      0 |   1 |    1.0 |
           Zot |   7700 |   7514 |    186 |   3040 |   2642 |   5 | 1540.0 |
       Ossuary |    299 |    299 |      0 |      0 |    223 |   1 |  299.0 |
        Bailey |   1174 |   1174 |      0 |    438 |    403 |   1 | 1174.0 |
        Wizlab |     19 |     19 |      0 |      0 |      0 |   1 |   19.0 |
      Gauntlet |   1134 |   1134 |      0 |      0 |    500 |   1 | 1134.0 |
               +--------+--------+--------+--------+--------+-----+--------+

Top non-repeatable levels by time:
   Zot:1: 3107 daAuts
     D:9: 3015 daAuts
Vaults:4: 2949 daAuts
Vaults:3: 2511 daAuts
   Elf:3: 2411 daAuts
  Lair:5: 2253 daAuts
   Elf:2: 2029 daAuts
Vaults:5: 1987 daAuts
     D:6: 1929 daAuts
Depths:3: 1917 daAuts
Vaults:1: 1903 daAuts
   Zot:2: 1894 daAuts
Vaults:2: 1812 daAuts
Depths:4: 1734 daAuts
Depths:1: 1646 daAuts
